 Dungeon Crawl Stone Soup version 0.17-a0-1311-gbcbd859 (webtiles) character file.

1965432 Zooty the Imperceptible (level 27, 267/267 HPs)
             Began as a Naga Conjurer on June 3, 2015.
             Was the Champion of Zin.
             Escaped with the Orb
             ... and 4 runes on June 8, 2015!
             The game lasted 06:34:10 (102434 turns).

Zooty the Imperceptible (Naga Conjurer)           Turns: 102434, Time: 06:34:10

Health: 267/267    AC: 58    Str: 28    XL:     27
Magic:  36/43      EV: 41    Int: 39    God:    Zin [******]
Gold:   4750       SH: 24    Dex: 30    Spells: 14 memorised, 10 levels left

rFire  + + .     SeeInvis +     a - +9 eveningstar (elec)
rCold  + + +     Clarity  .     P - +4 leather armour "Xymuutz" {rF+ rC++ MR+ Int+3}
rNeg   . . .     SustAt   .     Y - +1 large shield {AC+3}
rPois  ∞         Gourm    .     i - +3 crown of Dyrovepreva {rElec Int+2 SInv}
rElec  +         Spirit   .     n - +2 cloak
rCorr  +         Warding  .     k - +2 pair of gloves
rMut   .         Stasis   .     v - +4 naga barding "Lacwikyv" {rF+ rC++ Dex+3}
MR     ++++.                    F - amulet "Ipiprav" {rCorr rPois Str+7}
Stlth  ++++......               M - +6 ring of protection
                                Q - ring "Usulouzi" {Int+3 Dex+3 Slay+2 Stlth+}

@: mighty, agile, icy armour, vitalised, phasing, very slightly contaminated,
deflect missiles, very slow, incredibly resistant to hostile enchantments,
stealthy
A: see invisible, deformed body, poison resistance, slowness 2, slow metabolism
1, spit poison 2, constrict 1, AC +9
a: Spit Poison, Recite, Vitalisation, Imprison, Sanctuary, Cure All Mutations,
Renounce Religion
0: Orb of Zot
}: 4/15 runes: decaying, silver, abyssal, gossamer


You escaped.
You worshipped Zin.
Zin was exalted by your worship.
You were full.

You visited 11 branches of the dungeon, and saw 57 of its levels.
You visited the Abyss 1 time.
You also visited: Labyrinth, Ice Cave and Wizlab.

You collected 11540 gold pieces.
You spent 6190 gold pieces at shops.
You donated 441 gold pieces to Zin.

Inventory:

Hand weapons
 a - a +9 eveningstar of electrocution (weapon)
 b - a +0 blowgun
Missiles
 u - 7 curare-tipped needles
 R - 6 throwing nets (quivered) {!f}
Armour
 i - the +3 crown of Dyrovepreva (worn) {rElec Int+2 SInv}
   (You bought it in a shop on level 4 of the Orcish Mines)

   It affects your intelligence (+2).
   It insulates you from electricity.
   It lets you see invisible.
 k - a +2 pair of gloves (worn)
 n - a +2 cloak (worn)
 v - the +4 naga barding "Lacwikyv" (worn) {rF+ rC++ Dex+3}
   (You acquired it on level 5 of the Vaults)

   It affects your dexterity (+3).
   It protects you from fire.
   It greatly protects you from cold.
 P - the +4 leather armour "Xymuutz" (worn) {rF+ rC++ MR+ Int+3}
   (You found it on level 4 of the Swamp)

   It affects your intelligence (+3).
   It protects you from fire.
   It greatly protects you from cold.
   It affects your resistance to hostile enchantments.
 Y - a +1 large shield of protection (worn)
Rods
 c - a +4 iron rod (12/12)
   (You found it on level 14 of the Dungeon)
Jewellery
 F - the amulet "Ipiprav" (around neck) {rCorr rPois Str+7}
   (You took it off a vault guard on level 5 of the Vaults)

   [amulet of resist corrosion]

   It protects you from acid and corrosion.
   It affects your strength (+7).
   It protects you from poison.
 M - a +6 ring of protection (right hand)
 Q - the ring "Usulouzi" (left hand) {Int+3 Dex+3 Slay+2 Stlth+}
   (You bought it in a shop on level 10 of the Dungeon)

   [ring of intelligence]

   It affects your intelligence (+3).
   It affects your dexterity (+3).
   It affects your accuracy and damage with ranged weapons and melee attacks
   (+2).
   It makes you more stealthy.
Magical devices
 l - a wand of hasting (7)
 C - a wand of teleportation (2)
 I - a wand of disintegration (10)
 O - a wand of heal wounds (4)
 S - a wand of teleportation (5)
 U - a wand of teleportation (4)
 V - a wand of digging (9)
Scrolls
 h - 4 scrolls of identify
 j - 4 scrolls of silence
 m - 30 scrolls of remove curse
 s - 6 scrolls of blinking
 x - 10 scrolls of teleportation
 B - 22 scrolls of recharging
 G - 5 scrolls of summoning
 L - 6 scrolls of fog
 N - 6 scrolls of fear
Potions
 d - a potion of cure mutation
 e - 11 potions of haste
 f - 5 potions of invisibility
 g - 13 potions of heal wounds
 o - 4 potions of brilliance
 q - 4 potions of cancellation
 w - 24 potions of curing
 W - 6 potions of agility
 X - a potion of magic
 Z - 8 potions of might
Miscellaneous
 p - 2 phantom mirrors
 y - a phial of floods
 z - a stone of tremors
 A - a lamp of fire
 D - a legendary deck of summoning {Water}
 H - a fan of gales
Comestibles
 r - 3 meat rations
 J - 22 bread rations
 T - 12 beef jerkies


   Skills:
 + Level 19.7 Fighting
 - Level 16.0 Maces & Flails
   Level 12.0 Polearms
 + Level 17.2 Armour
 - Level 18.0 Dodging
 - Level 21.1 Stealth
 - Level 15.0 Shields
 - Level 16.0 Spellcasting
 - Level 12.0 Conjurations
 - Level 4.1 Hexes
 - Level 12.0 Charms
 - Level 5.0 Translocations
 - Level 3.0 Ice Magic
 - Level 6.0 Air Magic
 - Level 15.0 Invocations
 - Level 8.1 Evocations


You had 10 spell levels left.
You knew the following spells:

 Your Spells              Type           Power        Failure   Level  Hunger
a - Magic Dart            Conj           ####         0%          1    None
b - Phase Shift           Tloc           ######....   4%          5    None
c - Iskenderun's Mystic   Conj           #######.     1%          4    None
f - Iskenderun's Battles  Conj/Chrm      #######.     1%          5    None
g - Apportation           Tloc           ######....   1%          1    None
h - Tukima's Dance        Hex            ######..     1%          3    None
i - Summon Butterflies    Summ           ####....     1%          1    None
j - Spectral Weapon       Hex/Chrm       #######.     1%          3    None
k - Force Lance           Conj/Tloc      #######.     1%          4    None
l - Control Teleport      Chrm/Tloc      #######...   1%          4    None
m - Deflect Missiles      Chrm/Air       #######...   4%          6    None
n - Blink                 Tloc           N/A          1%          2    None
o - Ozocubu's Armour      Chrm/Ice       ######..     1%          3    None
p - Haste                 Chrm           #######.     1%          6    None


Dungeon Overview and Level Annotations

Branches:
Dungeon (15/15)            Temple (1/1) D:7            Lair (8/8) D:10
  Swamp (4/4) Lair:6       Spider (4/4) Lair:3          Orc (4/4) D:11
    Elf (3/3) Orc:4        Vaults (5/5) D:14          Crypt (3/3) Vaults:3
   Tomb (0/3) Crypt:3      Depths (5/5) D:15            Zot (5/5) Depths:5
  Slime: Lair:6-8

Altars:
Ashenzari
Cheibriados
Dithmenos
Elyvilon
Fedhas
Gozag
Kikubaaqudgha
Makhleb
Nemelex Xobeh
Okawaru
Qazlal
Ru
Sif Muna
Trog
Vehumet
Xom
Yredelemnul
Zin
The Shining One
Beogh
Lugonu

Shops:
D:7 }   D:10 =   D:12 (   Orc:4 =*[(   Elf:2 :   Vaults:1 *[:[   Vaults:3 %
Vaults:4 =

Portals:
Hell: Depths:1 Depths:2 Depths:3 Depths:4 Depths:5
Abyss: Depths:2 Depths:4
Pandemonium: Depths:3 Depths:4
Ziggurat: Depths:1
Trove: Vaults:1 (give +4 gold dragon armour)

Annotations:
Lair:8 !acid blob
Orc:1 Erolcha


Innate Abilities, Weirdness & Mutations

You cannot wear boots.
Your serpentine skin is tough (AC +9).
You have supernaturally acute eyesight.
Armour fits poorly on your strangely shaped body.
Your system is resistant to poisons.
You cover ground very slowly.
You have a slow metabolism.
You can spit poison.
You can use your snake-like lower body to constrict enemies.


Message History

No target in view!
Evoke which item? (* to show all) (? for menu, Esc to quit)
Zapping:
I - a wand of disintegration (11)
Press: ? - help, Shift-Dir - straight line The rock wall explodes into countless fragments.
This wand has 10 charges left.
There is a staircase leading out of the dungeon here.
Use which ability? (? or * to list) Zin grants you divine stamina.
Casting: Ozocubu's Armour
Confirm with . or Enter, or press ? or * to list all spells.
You feel the strange sensation of being on two planes at once.
Casting: Phase Shift
Confirm with . or Enter, or press ? or * to list all spells.
A film of ice covers your body!
Drink which item? (? for menu, Esc to quit)
You feel agile all of a sudden.
Drink which item? (? for menu, Esc to quit)
You feel very mighty all of a sudden.
You have escaped!

# ####.##.#.##..# #.# ##
#....###..#..## #.# .#
##.#######.####### #.#
.######.>#.............# #.#
.#.......#######.####### #.#
..............##.#.....# #.#
...............#.#.###.# #.#
...............#.#.# #.# #.#
...............#@#.# #)# #.#
...............###.# #.# #.##
...............###.###.#######.#.
.................................
#................#######...####.#
#......#.......### ###.## #.#
..........##.### #..###.#
.......#####..###### ##..##.#
......## ##......# ##)##..


There were no monsters in sight!

Vanquished Creatures
  4 ancient liches
  Khufu (Crypt:1)
  5 orbs of fire (Zot:5)
  Mara (Swamp:4)
  Mennas (Depths:5)
  A pandemonium lord (D:13)
  A greater mummy (Crypt:1)
  Sojobo (Vaults:2)
  Frederick (Vaults:3)
  Norris (Spider:2)
  Saint Roka (Vaults:1)
  A caustic shrike (shapeshifter) (Vaults:5)
  5 curse toes
  3 Killer Klowns (Zot:5)
  10 golden dragons
  Nikola (Swamp:3)
  Jory (Depths:5)
  2 bone dragons
  7 liches
  4 electric golems
  15 tentacled monstrosities
  Rupert (D:15)
  A moon troll (WizLab)
  27 Orb Guardians
  3 deep elf blademasters
  A Shadow Fiend (Depths:3)
  2 quicksilver dragons
  A deep elf master archer (Elf:3)
  3 titans
  3 octopode crushers (Depths:2)
  2 ancient champions
  6 thorn hunters
  2 sphinxes
  Agnes (Spider:1)
  Frances (Vaults:4)
  Kirke (D:12)
  8 tengu reavers
  9 tentacled starspawn
  10 storm dragons
  8 shadow dragons
  2 revenants
  6 draconian monks
  A storm dragon (shapeshifter) (Depths:4)
  9 fire giants
  5 draconian knights
  12 frost giants
  An iron dragon (Depths:4)
  6 ghost moths
  10 vault wardens
  A ghost moth (shapeshifter) (Vaults:1)
  2 orc warlords
  A balrug (Depths:5)
  A caustic shrike zombie (Depths:3)
  A draconian scorcher (Zot:3)
  Aizul (Elf:2)
  Louise (Swamp:4)
  A draconian shifter (Zot:3)
  4 curse skulls
  An emperor scorpion (Spider:4)
  6 draconian zealots
  7 reapers
  A cacodemon (WizLab)
  2 angels
  7 ghouls
  15 ironheart preservers
  3 caustic shrike skeletons (Depths:2)
  21 stone giants
  2 draconian annihilators
  27 very ugly things
  12 deep elf sorcerers
  3 draconian callers
  6 vampire knights
  7 war gargoyles
  13 deep elf demonologists
  3 green draconians
  6 black draconians
  3 starcursed masses
  A lorocyproca (Depths:4)
  10 red draconians
  9 eidola
  6 mottled draconians
  9 yellow draconians
  5 white draconians
  7 purple draconians
  11 deep elf annihilators
  2 crystal guardians
  2 death oozes (Swamp:4)
  11 jiangshi
  23 deep elf death magi
  A merfolk impaler (Depths:2)
  18 ettins
  36 vault guards
  8 deep elf high priests
  12 ogre magi
  A minotaur (Lab)
  11 fire dragons
  A fire dragon (shapeshifter) (Depths:4)
  2 green deaths (Swamp:4)
  30 yaktaur captains
  9 death cobs
  5 spriggan air magi
  10 great orbs of eyes
  A quicksilver dragon zombie (Depths:3)
  16 hydras
  6 ice dragons (shapeshifter) (Depths:4)
  9 entropy weavers
  A ghost crab (Swamp:3)
  6 rakshasas
  3 catoblepae
  Erica (D:11)
  19 ice dragons
  6 salamander stormcallers
  A queen ant (Spider:3)
  6 alligators
  16 dancing weapons
  7 deep troll shamans
  4 death yaks (Lair:7)
  21 centaur warriors
  A death knight (Crypt:1)
  9 tengu warriors
  2 titan zombies
  A hell beast (Swamp:4)
  4 vampire magi
  A shock serpent (shapeshifter) (Depths:4)
  A thrashing horror (Abyss:3)
  8 deep troll earth magi
  3 storm dragon zombies
  5 orc high priests
  5 spriggan berserkers
  4 soul eaters
  Nergalle (Orc:1)
  2 titan skeletons (Depths:2)
  6 wretched stars
  25 deep elf knights
  2 shadow wraiths
  8 iron trolls
  2 ice devils
  4 unseen horrors
  30 skeletal warriors
  A spatial maelstrom (Abyss:3)
  4 fire crabs
  6 hell knights
  4 sun demons
  3 storm dragon skeletons
  A cherub (Depths:2)
  An anaconda zombie (Crypt:3)
  26 deep trolls
  14 orc knights
  7 swamp dragons
  A swamp dragon (shapeshifter) (Vaults:3)
  9 giant orange brains
  2 salamander mystics (Depths:4)
  9 flayed ghosts
  4 spriggan druids
  4 ice statues (IceCv)
  13 harpies
  3 shambling mangroves
  9 deep elf summoners
  10 ironbrand convokers
  4 wizards
  2 shadow dragon zombies
  A lindwurm (shapeshifter) (Depths:4)
  18 phantasmal warriors
  Pikel (D:5)
  11 orb spiders
  2 golden dragon skeletons
  7 hill giants
  21 deep elf conjurers
  A shadow dragon skeleton (Crypt:1)
  3 sphinx zombies (Depths:3)
  2 hornets (shapeshifter)
  3 iron dragon zombies
  9 necromancers
  A stone giant zombie (Crypt:3)
  A tengu skeleton (Depths:3)
  24 moths of wrath
  70 ugly things
  2 wolf spider zombies (D:15)
  2 hornets (Spider:4)
  7 griffons
  4 cyclopes
  A manticore (D:15)
  9 orc sorcerers
  A salamander (shapeshifter) (Vaults:5)
  A frost giant zombie (Depths:3)
  A worldbinder (Abyss:1)
  3 iron dragon skeletons (Depths:3)
  A mana viper (Abyss:1)
  30 wolf spiders
  2 stone giant skeletons
  A frost giant skeleton (Depths:2)
  14 elephants
  12 fire giant skeletons
  2 centaur zombies
  3 black mambas
  7 eyes of devastation (WizLab)
  An apocalypse crab (Abyss:3)
  23 spiny frogs
  An orange crystal statue (WizLab)
  19 vault sentinels
  An elephant (shapeshifter) (D:13)
  A dire elephant zombie (Crypt:3)
  A dire elephant skeleton (Crypt:3)
  7 komodo dragons
  3 naga magi (Depths:4)
  A smoke demon (Abyss:3)
  An efreet (Depths:4)
  2 sixfirhies
  5 gargoyles
  A red draconian zombie (Zot:1)
  6 kobold demonologists
  3 komodo dragons (shapeshifter)
  4 centaur skeletons
  4 small abominations
  47 yaktaurs
  5 orange demons
  A white draconian zombie (Crypt:1)
  2 spriggan zombies (Depths:3)
  2 fire drakes (shapeshifter)
  26 deep elf priests
  2 tengu simulacra
  A queen bee (Abyss:3)
  5 tengu conjurers
  A hellwing (D:15)
  8 blue devils
  A red draconian skeleton (Crypt:1)
  8 demonic crawlers
  A ghost moth simulacrum (Crypt:1)
  A catoblepas skeleton (Crypt:3)
  A death drake zombie (Crypt:2)
  28 jumping spiders
  2 fire drakes
  2 merfolk
  2 golden dragon simulacra (Depths:3)
  A moth of wrath zombie (Zot:1)
  6 giant leeches
  A polar bear (Lair:5)
  2 shadow dragon simulacra
  11 freezing wraiths
  5 raiju
  2 red devils
  A boulder beetle (shapeshifter) (Depths:2)
  A harpy skeleton (Crypt:1)
  2 sphinx simulacra
  A troll (shapeshifter) (Vaults:5)
  9 trolls
  A raiju (shapeshifter) (Depths:1)
  20 ravens
  An ice dragon zombie (Crypt:3)
  7 bog bodies
  A fire giant simulacrum (Depths:3)
  25 two-headed ogres
  A wolf spider simulacrum (D:15)
  13 flying skulls (Depths:2)
  A snapping turtle (shapeshifter) (Vaults:5)
  2 frost giant simulacra
  5 boulder beetles
  31 blink frogs
  2 ice dragon skeletons
  63 slime creatures
  2 wyverns
  3 water elementals
  3 spriggans (shapeshifter)
  Sigmund (D:5)
  An ettin skeleton (Crypt:1)
  11 shadows
  22 tarantellas
  7 spriggans
  53 deep elf magi
  2 ynoxinuls
  9 fire dragon skeletons (Crypt:3)
  2 redbacks (shapeshifter)
  8 spriggan skeletons
  A basilisk (shapeshifter) (Depths:3)
  2 yaks (shapeshifter)
  14 trapdoor spiders
  A hog (D:12)
  4 chaos spawn
  25 yaks
  7 vampires
  5 basilisks
  68 redbacks
  12 wolves
  8 wraiths
  9 golden eyes (WizLab)
  35 vampire mosquitoes
  4 hungry ghosts
  4 neqoxecs
  A warg (shapeshifter) (Elf:3)
  8 hippogriffs
  42 deep elf fighters
  A hippogriff (shapeshifter) (D:14)
  A steam dragon (D:8)
  22 swamp worms
  21 water moccasins
  The ghost of SWAGNEMITE the Skirmisher, an average GrFi (D:4)
  6 wargs
  23 soldier ants (Spider:3)
  A human skeleton (Depths:3)
  2 mottled dragons
  A hell hound (Abyss:1)
  13 ice beasts
  5 wasps
  A hydra simulacrum (Depths:4)
  60 orc warriors
  11 large abominations
  2 slaves (D:5)
  9 swamp drakes
  4 sky beasts
  A fire dragon simulacrum (Depths:4)
  2 phantoms
  A swamp dragon zombie (Crypt:2)
  2 snapping turtle zombies
  14 boggarts
  28 spiders
  15 porcupines
  39 ogres
  2 swamp dragon skeletons
  22 crocodiles
  5 necrophages
  2 elf skeletons
  3 eyes of draining
  A manticore skeleton (Crypt:3)
  A hog skeleton (Crypt:1)
  A torpor snail zombie (Crypt:2)
  26 centaurs
  A salamander simulacrum (Vaults:3)
  23 giant frogs
  A gnoll sergeant (D:13)
  5 big kobolds
  2 wyvern zombies (D:9)
  23 killer bees
  11 wights
  A boulder beetle zombie (Crypt:2)
  A scorpion (D:10)
  2 human simulacra
  3 electric eels
  A raiju skeleton (Crypt:2)
  9 crimson imps
  2 giant frog zombies
  36 orc priests
  2 giant frog skeletons
  3 quasits
  3 jellies
  An iron imp (Abyss:1)
  45 orc wizards
  12 iguanas
  10 hounds
  3 troll simulacra (IceCv)
  A draconian simulacrum (IceCv)
  A spriggan simulacrum (IceCv)
  23 worker ants
  2 killer bee zombies
  An ogre zombie (Crypt:1)
  2 tengu zombies
  27 sheep
  A crocodile skeleton (Crypt:2)
  2 centaur simulacra (IceCv)
  2 mummies (Crypt:1)
  3 naga simulacra (IceCv)
  7 gnolls
  55 river rats
  A steam dragon skeleton (Crypt:2)
  12 adders
  4 shadow imps
  14 white imps
  5 ufetubi
  A lava snake zombie (Crypt:2)
  A halfling skeleton (Crypt:1)
  An adder skeleton (D:7)
  2 worms
  3 giant geckos
  201 orcs
  14 bats
  A bat zombie (D:5)
  20 goblins
  20 hobgoblins
  5 jackals
  35 kobolds
  7 quokkas
  5 giant cockroaches
  5 giant newts
  A goblin zombie (Crypt:1)
  A jackal skeleton (D:7)
  A jackal zombie (D:8)
  A quokka skeleton (D:9)
  A quokka zombie (D:9)
  19 rats
  A butterfly (Lair:7)
  14 crawling corpses
  2 fungi
  4 lost souls (Crypt:3)
  6 plants
  6 starspawn tentacles (WizLab)
3178 creatures vanquished.

Vanquished Creatures (collateral kills)
  A deep elf blademaster (Elf:3)
  A deep elf sorcerer (Elf:3)
  An emperor scorpion (Spider:1)
  2 death yaks (Lair:7)
  An orc knight (Orc:4)
  An orb spider (Spider:4)
  A jumping spider (Spider:4)
  A redback (Spider:4)
  A deep elf mage (Elf:2)
  6 spiders
  2 orcs (Orc:4)
18 creatures vanquished.

Vanquished Creatures (others)
  A Killer Klown (Zot:5)
  A deep elf high priest (Elf:3)
  8 spectral weapons
  A deep elf knight (Vaults:1)
  A ghost moth zombie (Zot:1)
  A wizard (Depths:3)
  An orc knight (Vaults:1)
  A fire giant skeleton (Crypt:3)
  2 dancing weapons (Orc:4)
  A boulder beetle (Depths:4)
  A deep elf fighter (Elf:1)
  2 water elementals
  2 humans (D:12)
  A hungry ghost (D:12)
  A mottled dragon (Zot:3)
  A naga (Depths:1)
  A slave (D:5)
  An orc warrior (Orc:4)
  A porcupine (Lair:5)
  A spider (Spider:4)
  An orc priest (Vaults:1)
  A worker ant (D:5)
  19 fulminant prisms
  A giant gecko (D:5)
  An orc (D:12)
  A kobold (D:12)
  A giant cockroach zombie (D:5)
  2 briar patches (Swamp:4)
  2 fungi
  2 lost souls
  4 pillars of salt
  20 plants
  2 singularities (WizLab)
  21 starspawn tentacles
  550 starspawn tentacle segments
658 creatures vanquished.

Grand Total: 3854 creatures vanquished

Notes
Turn   | Place    | Note
--------------------------------------------------------------
     0 | D:1      | Zooty the Naga Conjurer began the quest for the Orb.
     0 | D:1      | Reached XP level 1. HP: 15/15 MP: 3/3
   181 | D:1      | Reached XP level 2. HP: 17/22 MP: 0/5
   439 | D:1      | Learned a level 2 spell: Searing Ray
   641 | D:1      | Reached XP level 3. HP: 26/28 MP: 1/6
   979 | D:2      | Reached skill level 5 in Conjurations
  1415 | D:2      | Reached XP level 4. HP: 36/36 MP: 7/7
  1878 | D:3      | Reached skill level 6 in Conjurations
  1940 | D:3      | Reached XP level 5. HP: 42/42 MP: 4/8
  2284 | D:3      | Learned a level 4 spell: Iskenderun's Mystic Blast
  2684 | D:3      | Reached skill level 7 in Conjurations
  2684 | D:3      | Reached XP level 6. HP: 40/49 MP: 1/9
  3215 | D:4      | Found a glowing golden altar of the Shining One.
  3305 | D:4      | Noticed SWAGNEMITE's ghost (average GrFi)
  3476 | D:5      | Entered Level 5 of the Dungeon
  3543 | D:5      | Reached skill level 8 in Conjurations
  3853 | D:4      | Reached XP level 7. HP: 39/56 MP: 7/10
  3985 | D:5      | Noticed Pikel
  4014 | D:5      | Killed Pikel
  4014 | D:5      | Reached XP level 8. HP: 24/72 MP: 2/11
  4592 | D:5      | Noticed Sigmund
  4748 | D:6      | Learned a level 3 spell: Dazzling Spray
  4913 | D:6      | Found a shimmering altar of Xom.
  5285 | D:6      | Found a burning altar of Makhleb.
  5558 | D:7      | Reached skill level 5 in Fighting
  5916 | D:7      | Reached skill level 5 in Dodging
  5984 | D:7      | Found a staircase to the Ecumenical Temple.
  5997 | Temple   | Entered the Ecumenical Temple
  6087 | Temple   | Became a worshipper of Zin the Law-Giver
  6087 | Temple   | Acquired Zin's first power
  6301 | D:7      | Found a shattered altar of Ashenzari.
  6518 | D:7      | Found Sioz's Gadget Emporium.
  6568 | D:7      | Found a shadowy altar of Dithmenos.
  6583 | D:7      | Reached skill level 1 in Hexes
  6583 | D:7      | Reached XP level 9. HP: 49/82 MP: 7/12
  7019 | D:8      | Reached skill level 1 in Armour
  7215 | D:8      | Learned a level 4 spell: Fulminant Prism
  7263 | D:8      | Reached skill level 5 in Stealth
  7422 | D:8      | Noticed a centaur skeleton
  7438 | D:8      | Killed a centaur skeleton
  7944 | D:8      | Found a sparkling altar of Nemelex Xobeh.
  8266 | D:8      | Reached skill level 1 in Invocations
  8266 | D:8      | Reached XP level 10. HP: 91/91 MP: 9/17
  8392 | D:8      | Acquired Zin's second power
  8479 | D:9      | Reached skill level 1 in Evocations
  8862 | D:9      | Got a steaming hunting sling
  8863 | D:9      | Identified the cursed +1 hunting sling "Oluhot" {velocity, Dex+4 SInv Stlth-} (You found it on level 9 of the Dungeon)
  9216 | D:9      | Reached skill level 5 in Spellcasting
  9583 | D:9      | Learned a level 5 spell: Iskenderun's Battlesphere
  9847 | D:9      | Found a sacrificial altar of Ru.
 10137 | D:9      | Reached skill level 1 in Charms
 10298 | D:9      | Found a shattered altar of Ashenzari.
 10302 | D:9      | Saw a vision of the Swamp and the Spider Nest.
 10632 | D:10     | Entered Level 10 of the Dungeon
 10673 | D:10     | Found Xeewo's Jewellery Boutique.
 11153 | D:10     | Acquired Zin's third power
 11667 | D:10     | Found a staircase to the Lair.
 11852 | D:11     | Noticed a green ugly thing
 11854 | D:11     | Noticed a hill giant
 11854 | D:11     | Noticed a hill giant
 11875 | D:11     | Noticed a hill giant
 12144 | Lair:1   | Entered Level 1 of the Lair of Beasts
 12516 | Lair:1   | Reached skill level 5 in Charms
 12516 | Lair:1   | Reached XP level 11. HP: 97/97 MP: 10/20
 13935 | D:10     | Bought the ring "Usulouzi" {Int+3 Dex+3 Slay+2 Stlth+} for 442 gold pieces
 14054 | Lair:2   | Reached skill level 1 in Shields
 15047 | Lair:2   | Identified the Almanac of Intoxication
 15287 | Lair:2   | Reached skill level 9 in Conjurations
 15661 | Lair:3   | Found a frozen archway.
 15904 | IceCv    | Entered an ice cave
 16217 | IceCv    | Noticed an ice statue
 16217 | IceCv    | Noticed an ice statue
 17530 | IceCv    | Killed an ice statue
 17530 | IceCv    | Reached skill level 10 in Conjurations
 17959 | IceCv    | Killed an ice statue
 17959 | IceCv    | Reached XP level 12. HP: 105/105 MP: 16/21
 17976 | IceCv    | Noticed an ice devil
 18209 | IceCv    | Killed an ice devil
 18331 | IceCv    | Reached skill level 11 in Conjurations
 18489 | IceCv    | Noticed a necromancer
 18757 | IceCv    | Noticed an ice statue
 18980 | IceCv    | Killed an ice statue
 19053 | IceCv    | Noticed an ice statue
 19449 | IceCv    | Killed a necromancer
 20022 | IceCv    | Killed an ice statue
 20445 | Lair:3   | Reached skill level 12 in Conjurations
 20576 | Lair:3   | Noticed a five-headed hydra
 20594 | Lair:3   | Killed a five-headed hydra
 20827 | Lair:3   | Found a hole to the Spider Nest.
 21813 | Lair:4   | Noticed a four-headed hydra
 21889 | Lair:4   | Reached skill level 5 in Invocations
 21999 | Lair:4   | Killed a four-headed hydra
 22149 | Lair:4   | Found a labyrinth entrance.
 22158 | Lab      | Entered a labyrinth
 22758 | Lab      | Noticed a minotaur
 22763 | Lab      | Killed a minotaur
 22763 | Lab      | Gained mutation: You can use your snake-like lower body to constrict enemies. [Naga growth]
 22763 | Lab      | Reached XP level 13. HP: 115/115 MP: 4/22
 22791 | Lab      | Got a shimmering mace
 22805 | Lab      | Identified a +2 rod of destruction (13/13) (You found it in a labyrinth)
 22829 | Lab      | Identified the +4 mace of Abuse {pain, *Confuse SInv Stlth+} (You found it in a labyrinth)
 22853 | Lair:4   | Learned a level 1 spell: Apportation
 22857 | Lair:4   | Learned a level 3 spell: Tukima's Dance
 22859 | Lair:4   | Learned a level 1 spell: Summon Butterflies
 23988 | Lair:5   | Acquired Zin's fourth power
 24832 | Lair:5   | Reached skill level 5 in Armour
 25792 | Lair:6   | Found a staircase to the Swamp.
 27027 | Lair:7   | Reached XP level 14. HP: 127/129 MP: 21/23
 27028 | Lair:7   | Reached XP level 15. HP: 134/138 MP: 21/24
 27644 | Lair:7   | Reached skill level 1 in Polearms
 27661 | Lair:6   | Reached XP level 16. HP: 146/146 MP: 10/25
 28324 | Lair:8   | Entered Level 8 of the Lair of Beasts
 28331 | Lair:8   | Was placed under penance by Zin
 28668 | Lair:8   | Reached skill level 5 in Polearms
 30008 | Lair:8   | Noticed an acid blob
 30223 | D:10     | Killed a green ugly thing
 30298 | D:11     | Killed a hill giant
 30304 | D:11     | Killed a hill giant
 30390 | D:11     | You fall through a shaft for 2 floors!
 30864 | D:12     | Found Deram's Antique Weapon Emporium.
 30971 | D:11     | Was forgiven by Zin
 31285 | D:11     | Noticed Erica
 31295 | D:11     | Killed Erica
 31338 | D:11     | Killed a hill giant
 31515 | D:11     | Noticed a hill giant
 31527 | D:11     | Killed a hill giant
 31590 | D:11     | Found a staircase to the Orcish Mines.
 31596 | D:11     | Reached skill level 10 in Polearms
 31604 | D:11     | Found a roughly hewn altar of Beogh.
 31717 | D:12     | Noticed Kirke
 31727 | D:12     | Killed Kirke
 32406 | D:12     | Learned a level 3 spell: Spectral Weapon
 33029 | Orc:1    | Entered Level 1 of the Orcish Mines
 33408 | Orc:1    | Noticed Erolcha
 33659 | Orc:1    | Noticed Nergalle
 33693 | Orc:1    | Killed Nergalle
 33750 | Orc:1    | Found a burning altar of Makhleb.
 33943 | Orc:2    | Found a roughly hewn altar of Beogh.
 34176 | Orc:2    | Found a roughly hewn altar of Beogh.
 35916 | Orc:4    | Entered Level 4 of the Orcish Mines
 36122 | Orc:4    | Found a staircase to the Elven Halls.
 36866 | Orc:4    | Learned a level 4 spell: Force Lance
 36909 | Orc:4    | Reached skill level 1 in Translocations
 37197 | Orc:4    | Reached XP level 17. HP: 152/152 MP: 22/29
 37898 | Orc:4    | Found Hiot's Antique Armour Boutique.
 37899 | Orc:4    | Found Hut Uqy's Antique Weapon Shop.
 37900 | Orc:4    | Found Hiamis Tium's General Store.
 37900 | Orc:4    | Found Wus Jeumm's Jewellery Boutique.
 37914 | Orc:4    | Bought an ichor-stained helmet for 190 gold pieces
 37925 | Orc:4    | Identified the +0 helmet of the Shining Light {rC+ MP+9 Str+2} (You bought it in a shop on level 4 of the Orcish Mines)
 37928 | Orc:4    | Bought a transparent spear for 176 gold pieces
 37928 | Orc:4    | Identified the +10 spear of Fedhas's Esteem {pierce, MR+ Str+3 Int+3} (You bought it in a shop on level 4 of the Orcish Mines)
 38124 | Orc:4    | Bought 2 potions of berserk rage for 160 gold pieces
 38124 | Orc:4    | Bought a scroll of enchant weapon for 120 gold pieces
 38124 | Orc:4    | Bought a potion of curing for 48 gold pieces
 38124 | Orc:4    | Bought a scroll of magic mapping for 56 gold pieces
 38125 | Orc:4    | Bought a +6 ring of protection for 1248 gold pieces
 38361 | D:14     | Found a stormy altar of Qazlal.
 38581 | D:15     | Entered Level 15 of the Dungeon
 38686 | D:15     | Identified a scroll of acquirement
 39105 | D:15     | Found an ancient bone altar of Kikubaaqudgha.
 39160 | D:15     | Noticed Rupert
 39176 | D:15     | Killed Rupert
 39335 | D:14     | Learned a level 4 spell: Control Teleport
 39498 | D:14     | Reached skill level 10 in Spellcasting
 39552 | D:14     | Found a gate to the Vaults.
 39615 | D:14     | Reached skill level 10 in Invocations
 40820 | D:15     | Found a staircase to the Depths.
 41084 | Swamp:1  | Entered Level 1 of the Swamp
 41647 | Swamp:1  | Reached skill level 5 in Evocations
 43895 | Swamp:3  | Reached skill level 10 in Fighting
 44474 | Swamp:3  | Reached XP level 18. HP: 144/160 MP: 23/32
 44532 | Swamp:4  | Entered Level 4 of the Swamp
 44538 | Swamp:4  | Noticed a tentacled monstrosity
 44558 | Swamp:4  | Noticed Mara
 44561 | Swamp:4  | Killed a tentacled monstrosity
 45076 | Swamp:4  | Noticed Nikola
 45093 | Swamp:3  | Killed Nikola
 45500 | Swamp:4  | Noticed Louise
 45507 | Swamp:4  | Noticed Zooty's illusion
 46170 | Swamp:4  | Killed Louise
 46313 | Swamp:4  | Noticed Zooty's illusion
 46702 | Swamp:4  | Killed Mara
 46846 | Swamp:4  | Got a crude leather armour
 46868 | Swamp:3  | Identified the +4 leather armour "Xymuutz" {rF+ rC++ MR+ Int+3} (You found it on level 4 of the Swamp)
 46921 | Swamp:4  | Reached skill level 10 in Dodging
 47902 | Swamp:4  | Got a decaying rune of Zot
 48087 | Lair:6   | Upgraded the game from 0.17-a0-1210-g1e4f09d to 0.17-a0-1311-gbcbd859
 48469 | Spider:1 | Entered Level 1 of the Spider Nest
 49167 | Spider:1 | Noticed Agnes
 49172 | Spider:1 | Killed Agnes
 49310 | Spider:2 | Noticed Norris
 49377 | Spider:2 | Reached XP level 19. HP: 154/175 MP: 33/33
 49848 | Spider:2 | Killed Norris
 50096 | Spider:2 | Reached skill level 10 in Armour
 50797 | Spider:3 | Got a fine helmet
 50808 | Spider:3 | Identified the +1 helmet "Gaqukamu" {rF+} (You found it on level 3 of the Spider Nest)
 51714 | Spider:4 | Entered Level 4 of the Spider Nest
 52476 | Spider:4 | Reached skill level 13 in Fighting
 53733 | Spider:4 | Got a gossamer rune of Zot
 54127 | Elf:1    | Entered Level 1 of the Elven Halls
 54147 | Elf:1    | Found a radiant altar of Vehumet.
 54953 | Elf:1    | You fall through a shaft!
 55001 | Elf:2    | Reached XP level 20. HP: 67/188 MP: 3/34
 55334 | Elf:2    | Found Pogux's Book Shoppe.
 55345 | Elf:2    | Bought a book of Minor Magic for 300 gold pieces
 55351 | Elf:2    | Bought a book of Frost for 525 gold pieces
 55361 | Elf:1    | Learned a level 2 spell: Repel Missiles
 55364 | Elf:1    | Learned a level 2 spell: Blink
 55488 | Elf:1    | Reached skill level 1 in Air Magic
 55974 | Elf:1    | Got a fine executioner's axe
 55980 | Elf:1    | Identified the +10 executioner's axe of the Tundras {chop, rC+} (You found it on level 1 of the Elven Halls)
 56556 | Elf:2    | Reached skill level 1 in Maces & Flails
 56569 | Elf:2    | Found a huge runed gate.
 56569 | Elf:2    | Found a huge runed gate.
 56569 | Elf:2    | Found a huge runed gate.
 56570 | Elf:2    | Found a huge runed gate.
 56572 | Elf:2    | Found a huge runed gate.
 57429 | Elf:2    | Reached skill level 5 in Maces & Flails
 60001 | Vaults:1 | Entered Level 1 of the Vaults
 60024 | Vaults:1 | Noticed Saint Roka
 60081 | Vaults:1 | Killed Saint Roka
 61208 | Vaults:1 | Reached skill level 10 in Maces & Flails
 61997 | Vaults:1 | Reached XP level 21. HP: 166/195 MP: 33/35
 62040 | Vaults:1 | Found Gozag's Antique Armour Shop.
 62040 | Vaults:1 | Found Gozag's Antique Armour Shop.
 62743 | Vaults:1 | Found Gozag's Assorted Antiques.
 62817 | Vaults:1 | Found an opulent altar of Gozag.
 63014 | Vaults:1 | Found Soll's Book Shoppe.
 63171 | Vaults:1 | Found a portal to a secret trove of treasure.
 64075 | Vaults:2 | Reached skill level 14 in Maces & Flails
 64413 | Vaults:2 | Found an iron altar of Okawaru.
 64417 | Vaults:2 | Got a bloodstained helmet
 64428 | Vaults:2 | Identified the cursed +0 helmet of Dafap {rPois rF+ rN+ Stlth-} (You found it on level 2 of the Vaults)
 64860 | Orc:4    | Bought the +3 crown of Dyrovepreva {rElec Int+2 SInv} for 828 gold pieces
 65075 | Vaults:1 | Drew Focus: Int increased to 25, Str decreased to 10
 65617 | Vaults:2 | Noticed Sojobo
 65924 | Vaults:2 | Reached skill level 15 in Maces & Flails
 66051 | Vaults:2 | Killed Sojobo
 66799 | Vaults:3 | Reached skill level 16 in Maces & Flails
 66823 | Vaults:3 | Reached XP level 22. HP: 178/204 MP: 3/36
 67303 | Vaults:3 | Learned a level 3 spell: Ozocubu's Armour
 67540 | Vaults:3 | Found a staircase to the Crypt.
 68165 | Vaults:3 | Noticed Frederick
 68174 | Vaults:3 | Killed Frederick
 68513 | Vaults:3 | Found Riofaore's Food Boutique.
 69208 | Vaults:4 | Noticed Frances
 69237 | Vaults:4 | Killed Frances
 69705 | Vaults:4 | Learned a level 6 spell: Haste
 70728 | Vaults:4 | Found Paptulic's Jewellery Emporium.
 71155 | Depths:1 | Entered Level 1 of the Depths
 71496 | Crypt:1  | Entered Level 1 of the Crypt
 71503 | Crypt:1  | Found a magical portal.
 71514 | WizLab   | Entered Lehudib's Moon Base
 71606 | WizLab   | Reached skill level 10 in Charms
 71624 | WizLab   | Reached XP level 23. HP: 163/211 MP: 38/41
 73245 | WizLab   | Identified Lehudib's Collected Works on the Rocks (You found it in a wizard's laboratory)
 73322 | Crypt:1  | Noticed Khufu
 73329 | Crypt:1  | Noticed a greater mummy
 73967 | Elf:3    | Entered Level 3 of the Elven Halls
 74266 | Elf:3    | Reached skill level 15 in Spellcasting
 74327 | Elf:3    | Noticed Aizul
 74348 | Elf:2    | Killed Aizul
 75089 | Crypt:1  | Learned a level 6 spell: Deflect Missiles
 75156 | Crypt:1  | Killed a greater mummy
 75995 | Crypt:1  | Killed Khufu
 75995 | Crypt:1  | Reached skill level 5 in Air Magic
 76583 | Crypt:1  | Reached XP level 24. HP: 222/222 MP: 42/42
 77863 | Crypt:3  | Entered Level 3 of the Crypt
 77920 | Crypt:3  | Reached skill level 1 in Ice Magic
 78876 | Crypt:3  | Got a glittering graven amulet
 79414 | Crypt:3  | Found a staircase to the Tomb.
 79809 | Crypt:3  | Identified the amulet of Kagac {Stasis rN++ Str+2} (You found it on level 3 of the Crypt)
 80065 | Crypt:3  | Found an ancient bone altar of Kikubaaqudgha.
 80068 | Crypt:3  | Reached skill level 15 in Fighting
 80113 | Crypt:3  | Got a faintly humming leather armour
 80124 | Crypt:3  | Identified the +2 leather armour of Makhleb's Esteem {MR+ Regen+ rCorr Int-3} (You found it on level 3 of the Crypt)
 80230 | Crypt:3  | Noticed an ancient lich
 80254 | Crypt:3  | Killed an ancient lich
 81113 | Elf:3    | Reached XP level 25. HP: 160/234 MP: 19/42
 81383 | Elf:3    | Got a brightly glowing leather armour
 81394 | Elf:3    | Identified the +3 leather armour of Proximity {MP+9} (You found it on level 3 of the Elven Halls)
 82080 | Vaults:5 | Entered Level 5 of the Vaults
 83073 | Vaults:5 | Got a steaming brass ring
 83075 | Vaults:5 | Identified the ring of Sybb {+cTele MP+9} (You found it on level 5 of the Vaults)
 83142 | Vaults:5 | Got a dazzling naga barding
 83153 | Vaults:5 | Identified the +4 naga barding "Lacwikyv" {rF+ rC++ Dex+3} (You acquired it on level 5 of the Vaults)
 83154 | Vaults:5 | Got a twitching silver amulet
 83158 | Vaults:5 | Identified the amulet "Ipiprav" {rCorr rPois Str+7} (You took it off a vault guard on level 5 of the Vaults)
 83182 | Vaults:5 | Noticed an ancient lich
 83195 | Vaults:5 | Killed an ancient lich
 84048 | Vaults:5 | Reached skill level 5 in Shields
 84088 | Vaults:5 | Got a silver rune of Zot
 84326 | Vaults:5 | Identified the Reference Book on Ignition (You found it on level 5 of the Vaults)
 85034 | Vaults:5 | Reached XP level 26. HP: 244/244 MP: 42/42
 85462 | Vaults:5 | Got a shimmering chain mail
 85470 | Vaults:5 | Identified the Collected Works on the Dusty Entourage
 85564 | Vaults:5 | Identified the Catalogue of the Quantum Rocks
 85801 | Vaults:1 | Bought a manual of Stealth for 2097 gold pieces
 86574 | Depths:1 | Hired Woijebro the naga for 159 gold.
 86600 | Depths:1 | Found a gateway to a ziggurat.
 86731 | Depths:1 | Your ally Woijebro died
 87052 | Depths:1 | Reached skill level 10 in Shields
 87350 | Depths:1 | Found a gateway to Hell.
 87637 | Depths:2 | Found a corrupted altar of Lugonu.
 87678 | Depths:2 | Found a one-way gate to the infinite horrors of the Abyss.
 88746 | Depths:2 | Reached XP level 27. HP: 193/252 MP: 42/42
 89730 | Depths:3 | Found an ancient bone altar of Kikubaaqudgha.
 89730 | Depths:3 | Noticed an ancient lich
 89756 | Depths:3 | Killed an ancient lich
 90142 | Depths:3 | Reached skill level 15 in Shields
 90249 | Depths:3 | Reached skill level 10 in Stealth
 90863 | Depths:3 | Found a one-way gate leading to the halls of Pandemonium.
 90998 | Depths:3 | Reached skill level 15 in Stealth
 91651 | Depths:4 | Reached skill level 17 in Stealth
 91773 | Depths:4 | Reached skill level 18 in Stealth
 91868 | Depths:4 | Voluntarily entered the Abyss.
 91868 | Abyss:1  | Found a corrupted altar of Lugonu.
 92027 | Abyss:1  | Reached skill level 19 in Stealth
 92324 | Abyss:3  | Found a sparkling altar of Nemelex Xobeh.
 92429 | Abyss:3  | Reached skill level 20 in Stealth
 92440 | Abyss:3  | Got an abyssal rune of Zot
 92580 | Depths:4 | Escaped the Abyss
 92660 | Depths:4 | Reached skill level 21 in Stealth
 93478 | Depths:4 | Reached skill level 15 in Dodging
 93553 | Depths:5 | Entered Level 5 of the Depths
 93779 | Depths:5 | Found a gate to the Realm of Zot.
 94133 | Depths:5 | Got a fine leather armour
 94144 | Depths:5 | Identified the +2 leather armour "Ceocaska" {Slay+3} (You took it off a tengu conjurer on level 5 of the Depths)
 94190 | Depths:5 | Noticed Mennas
 94212 | Depths:5 | Killed Mennas
 94288 | Depths:5 | Noticed Jory
 94294 | Depths:5 | Killed Jory
 94966 | D:14     | Learned a level 5 spell: Phase Shift
 95199 | Zot:1    | Entered Level 1 of the Realm of Zot
 95420 | Zot:1    | Reached skill level 15 in Armour
 95677 | Zot:1    | Reached skill level 5 in Translocations
 98908 | Zot:5    | Entered Level 5 of the Realm of Zot
 99416 | Zot:5    | Got a faintly glowing scale mail
 99923 | Zot:5    | Noticed an orb of fire
100058 | Zot:5    | Noticed an orb of fire
100083 | Zot:5    | Killed an orb of fire
100110 | Zot:5    | Killed an orb of fire
100154 | Zot:5    | Noticed an orb of fire
100180 | Zot:5    | Killed an orb of fire
100236 | Zot:5    | Noticed an ancient lich
100256 | Zot:5    | Killed an ancient lich
101017 | Zot:5    | Noticed an orb of fire
101034 | Zot:5    | Killed an orb of fire
101088 | Zot:5    | Noticed an orb of fire
101179 | Zot:5    | Killed an orb of fire
101755 | Zot:5    | Got the Orb of Zot
101809 | Zot:5    | Noticed an ancient lich
102146 | D:15     | Reached skill level 15 in Invocations
102172 | D:14     | Noticed Lywirph the pandemonium lord
102191 | D:13     | Killed Lywirph the pandemonium lord
102327 | D:5      | Killed Sigmund
102372 | D:4      | Killed SWAGNEMITE's ghost
102434 | D:$      | Escaped with the Orb!

Vault maps used:
D:1:      lemuel_arrival_cross
D:3:      first_bread, dk_vineyard_2
D:4:      kennysheep_little_box, kennysheep_mini, uniq_edmund
D:5:      uniq_sigmund, uniq_pikel
D:6:      makhleb_grotto_becter, nicolae_overflow_crystal_walls
D:7:      nicolae_overflow_hidden_temple, overflow_temple_1_default,
          minmay_temple_entry_overgrown, serial_shops, kennysheep_mini_moat,
          minmay_misc_feat_cross
D:8:      nemelex_deck
D:9:      hangedman_ru_absence, grunt_ashenzari_visionary
D:10:     lair_0_dummy, serial_shops, shop
D:11:     minmay_orc_entry_temple_small, uniq_erica
D:12:     serial_shops, shop, uniq_kirke
D:14:     lightli_vaults_fourway_checkpoint, basic_altar, minmay_misc_feat_x,
          hangedman_fish_farm, nrook_loot_triangle
D:15:     grunt_enter_depths_snipers, basic_altar, nicolae_snake_squiggles,
          uniq_rupert
Temple:   zaba_magenta_temple_12
Lair:1:   serial_bayou_ford_a, infiniplex_staircase_pool
Lair:3:   spider_nest_entry_funnel_web, portal_ice_cave_entry_imps,
          serial_bayou_shore_a, bh_autumn_forest_stairs
Lair:4:   lab_entry_generic, lemuel_fruit_fields
Lair:5:   grunt_megastairs_4
Lair:6:   swamp_mist_pool
Lair:7:   lemuel_fruit_fields, lemuel_fruit_fields
Lair:8:   grunt_lair_end_beastmaster, slime_dummy
Swamp:1:  evilmike_swamp_ruin_house_1, swamp_pool3
Swamp:2:  serial_swamp_ruin, evilmike_swamp_ruin_house_5,
          evilmike_swamp_ruin_house_3
Swamp:3:  hangedman_swamp_ruin_wall, swamp_pool2
Swamp:4:  swamp_vile, swamp_pool1, grunt_hermit_hut, uniq_nikola, uniq_louise,
          uniq_mara
Spider:1: uniq_agnes
Spider:2: uniq_norris
Spider:3: hangedman_spider_mandibles, minivault_29
Spider:4: spider_rune_water, spider_trap
Orc:1:    minmay_goldmine, bloody_makhleb, uniq_nergalle, uniq_erolcha
Orc:2:    nicolae_orc_accident_2, basic_altar
Orc:3:    nicolae_orc_pool_cavern
Orc:4:    st_orc_congregation
Elf:1:    eino_elf_arrival_altar, kennysheep_underground_church,
          lemuel_flamethrower_hall
Elf:2:    serial_shops, nicolae_shop_window_shopping, amalloy_card_club
Elf:3:    minmay_elf_hall_four_x, uniq_aizul
Vaults:1: nicolae_vaults_arrows, nicolae_vaults_alarming, hangedman_vaults_maws,
          v_misc_9, vaults_room_hallway, vaults_standard_mumra_lines,
          vaults_room_pools, hangedman_vaults_variations,
          kennysheep_vaults_gozag_temple, ontoclasm_vaults_misaligned,
          vaults_room_semicircle, ontoclasm_vaults_hangar, vaults_dpeg_doors,
          ontoclasm_vaults_fault, nicolae_trove_entry_free_sample, serial_shops,
          shop, uniq_saint_roka
Vaults:2: v_pattern_5, ontoclasm_vaults_ring_large, vaults_standard_mumra_x,
          vaults_room_grunt_arrival_checkpoint, nicolae_vaults_rhombus_6,
          dpeg_vaults_monster_row, v_misc_4, serial_ice_b, vaults_dpeg_hooks,
          v_misc_9, serial_ice_g, basic_altar, uniq_sojobo
Vaults:3: vaults_room_fancy_cross, v_rooms_1, vaults_dpeg_spiral,
          vaults_dpeg_encased_lava, st_smaller_cells,
          nicolae_vaults_three_branches, hangedman_vaults_stretched_pinwheel,
          grunt_vaults_focal, hangedman_vaults_river_flow,
          vaults_room_semicircle, nicolae_vaults_little_squares_5,
          ontoclasm_vaults_eye, minmay_crypt_entry_nasty_monster,
          ontoclasm_vaults_spin, nicolae_vaults_ring_of_whatevers,
          vaults_room_semicircle, hangedman_vaults_slice, serial_shops,
          nicolae_shop_statue_plus, uniq_frederick
Vaults:4: v_pattern_4, grunt_vaults_swirl, ontoclasm_vaults_misaligned,
          v_misc_3, hangedman_vaults_corner, nicolae_vaults_circle_grid_b,
          serial_ice_m, v_rooms_5, vaults_room_corners, sword_in_stone,
          serial_shops, shop
Crypt:1:  mu_enter_wizlab_5, minmay_misc_feat_pillars, uniq_khufu
Crypt:2:  basic_stair_grate_trap
Crypt:3:  quadcrypt_mu
Depths:1: enter_ziggurat_f, hell_entry, grunt_ministairs_15, evilmike_ambush
Depths:2: minmay_skeleton_keep, abyss_entry_flame_altar, hell_entry,
          corexii_corridor_pit, roderic_lattice_a, kennysheep_inner_square,
          minmay_staircase_statues
Depths:3: evilmike_negative_zone, pan_entry,
          hangedman_abyss_or_decor_jellyfish_corner, hell_entry,
          infiniplex_staircase_pool_2
Depths:4: hangedman_crystal_crosses_colossus, pan_entry, hell_entry, abyss_entry
Depths:5: grunt_zot_entry_tricorne, minmay_misc_feat_enclosed, hell_entry,
          uniq_mennas, uniq_jory
Zot:2:    st_small_dragon_hoard_3
Zot:3:    st_small_dragon_hoard_4, st_stairs_4
Zot:4:    bh_zot_lava_cross, stair_cage_wide, st_stairs_13
Abyss:2:  evilmike_abyss_exit_chaos
Abyss:3:  evilmike_abyss_rune_seething_chaos
Lab:      labyrinth_hidden_loot, nicolae_lab_grate_2, nicolae_lab_garden
IceCv:    ice_cave_tombish
WizLab:   wizlab_lehudib

Action                   |  1- 3 |  4- 6 |  7- 9 | 10-12 | 13-15 | 16-18 | 19-21 | 22-24 | 25-27 || total
-------------------------+-------+-------+-------+-------+-------+-------+-------+-------+-------++-------
Melee: Unarmed           |     9 |       |       |       |       |       |       |       |       ||     9
       Dagger            |    10 |       |       |       |       |       |       |       |       ||    10
       Spear             |     9 |    82 |       |       |       |   959 |  1555 |       |       ||  2605
       Short sword       |     1 |       |       |       |       |       |       |       |       ||     1
       Quarterstaff      |       |    11 |    18 |    43 |       |       |       |       |       ||    72
       Whip              |       |       |       |   217 |       |       |       |       |       ||   217
       Trident           |       |       |       |       |    95 |   892 |       |       |       ||   987
       Eveningstar       |       |       |       |       |       |       |   382 |  1996 |  4284 ||  6662
 Fire: Blowgun           |       |       |   108 |   171 |    30 |    35 |       |       |       ||   344
Throw: Throwing net      |       |       |       |       |     2 |     3 |     4 |     1 |       ||    10
 Cast: Magic Dart        |    60 |    57 |   132 |   352 |   243 |   482 |   149 |     2 |       ||  1477
       Searing Ray       |       |     4 |    24 |    50 |     1 |       |       |       |       ||    79
       Dazzling Spray    |       |       |     1 |     8 |       |       |       |       |       ||     9
       Iskenderun's Myst |       |       |       |    52 |     4 |   211 |   304 |   151 |    71 ||   793
       Fulminant Prism   |       |       |       |     8 |     5 |     6 |       |       |       ||    19
       Iskenderun's Batt |       |       |       |    55 |    45 |   126 |    88 |    32 |    21 ||   367
       Tukima's Dance    |       |       |       |       |       |     9 |       |       |       ||     9
       Spectral Weapon   |       |       |       |       |       |     5 |     3 |     3 |    19 ||    30
       Force Lance       |       |       |       |       |       |     1 |     2 |       |       ||     3
       Apportation       |       |       |       |       |       |       |     1 |       |     3 ||     4
       Repel Missiles    |       |       |       |       |       |       |     9 |     3 |       ||    12
       Control Teleport  |       |       |       |       |       |       |     2 |     2 |     4 ||     8
       Haste             |       |       |       |       |       |       |       |    11 |    44 ||    55
       Ozocubu's Armour  |       |       |       |       |       |       |       |    11 |    33 ||    44
       Deflect Missiles  |       |       |       |       |       |       |       |     1 |    18 ||    19
       Blink             |       |       |       |       |       |       |       |       |     4 ||     4
       Summon Butterflie |       |       |       |       |       |       |       |       |     1 ||     1
       Phase Shift       |       |       |       |       |       |       |       |       |    17 ||    17
Invok: Recite            |       |       |       |     1 |       |     7 |    13 |    23 |    14 ||    58
       Vitalisation      |       |       |       |       |       |       |       |       |     2 ||     2
 Abil: Spit Poison       |    12 |    20 |     5 |    13 |     5 |     5 |       |       |       ||    60
       Evoke Teleportati |       |     1 |       |     1 |       |       |       |       |       ||     2
Evoke: Wand              |       |       |       |    19 |     5 |     7 |     2 |     8 |    18 ||    59
       Phial of floods   |       |       |       |     1 |       |     4 |       |     1 |       ||     6
       Sack of spiders   |       |       |       |       |       |       |     5 |     2 |       ||     7
       Deck              |       |       |       |       |       |       |     2 |     1 |     1 ||     4
       Stone of tremors  |       |       |       |       |       |       |       |     1 |     2 ||     3
  Use: Scroll            |     3 |     2 |     3 |    21 |     3 |    19 |    24 |    12 |    26 ||   113
       Potion            |       |     2 |       |     5 |     3 |     4 |    11 |     1 |     6 ||    32
 Stab: Sleeping          |       |     4 |    36 |    39 |     9 |    50 |    33 |    29 |    61 ||   261
       Distracted        |       |       |     1 |     7 |       |    16 |     5 |     6 |    19 ||    54
       Invisible         |       |       |     1 |     1 |       |     3 |       |     5 |       ||    10
       Paralysed         |       |       |       |       |       |     4 |     4 |     3 |       ||    11
       Betrayed ally     |       |       |       |       |       |     1 |       |       |       ||     1
       Confused          |       |       |       |       |       |     4 |     8 |    10 |    13 ||    35
       Held in net/web   |       |       |       |       |       |       |       |     1 |       ||     1
  Eat: Chunk             |     2 |     9 |    10 |    20 |    19 |    28 |     9 |     1 |    18 ||   116
       Royal jelly       |       |       |     1 |       |     1 |     2 |       |       |     5 ||     9
       Meat ration       |       |       |       |     4 |       |     3 |     8 |     4 |     6 ||    25
       Bread ration      |       |       |       |     5 |       |       |       |     4 |     1 ||    10
       Fruit             |       |       |       |       |     1 |    40 |     4 |     1 |    11 ||    57
       Pizza             |       |       |       |       |       |     3 |     3 |     1 |     4 ||    11
